 Dungeon Crawl Stone Soup version 0.31.0-32-g396128a36d (webtiles) character file.

Game seed: 2209806724931721672

42 Peloso the Covered (level 3, 0/33 HPs)
             Began as a Minotaur Fighter on Apr 15, 2024.
             Killed from afar by Natasha (9 damage)
             ... with a magic dart
             ... on level 2 of the Dungeon.
             The game lasted 00:00:54 (1023 turns).

Peloso the Covered (Minotaur Fighter)               Turns: 1023, Time: 00:00:55

Health: 0/33       AC:  7    Str: 20    XL:     3   Next: 35%
Magic:  2/2        EV:  9    Int:  5    God:
Gold:   103        SH:  4    Dex: 11    Spells: 2/2 levels left

rFire   . . .        a - +0 long sword
rCold   . . .        c - +0 buckler
rNeg    . . .        b - +0 scale mail
rPois   .            (helmet restricted)
rElec   .            (no cloak)
rCorr   .            (no gloves)
SInv    .            (no boots)
Will    .....        (no amulet) Stlth
                     (no ring)
HPRegen 0.25/turn    (no ring)
MPRegen 0.08/turn

%: no passive effects
@: no status effects
A: horns 2, retaliatory headbutt
a: no special abilities


You were on level 2 of the Dungeon.
You visited 1 branch of the dungeon, and saw 2 of its levels.

You collected 103 gold pieces.

Inventory:

Hand Weapons
 a - a +0 long sword (weapon)
Armour
 b - a +0 scale mail (worn)
 c - a +0 buckler (worn)
Scrolls
 h - a scroll of teleportation {unknown}
 i - a scroll of poison {unknown}
Potions
 d - a potion of might
 e - a potion of curing


   Skills:
 + Level 4.1 Fighting
 + Level 3.0 Long Blades
 + Level 4.3 Armour
 + Level 4.0 Shields


You had 2 spell levels left.
You didn't know any spells.
Your spell library was empty.

Dungeon Overview and Level Annotations

Branches:
Dungeon (2/15)

Altars:

Annotations:
D:2 Natasha


Innate Abilities, Weirdness & Mutations

You have a pair of horns on your head.
You reflexively headbutt those who attack you in melee.


Message History

You see here a ball python corpse.
Found an escape hatch in the floor.
There is an escape hatch in the floor here.
A goblin comes into view. It is wielding a +0 club.
The goblin shouts!
A goblin is nearby!
A goblin is nearby!
You hit the goblin.
You kill the goblin!
Things that are here:
a +0 club; a goblin corpse
Found a war axe.
You now have 103 gold pieces (gained 9).
You see here a +0 war axe.
Natasha, Servant of Life and Death comes into view.
Natasha hisses angrily.
Natasha is nearby!
Natasha claws you but does no damage.
There is an open door here.
You hit Natasha. Your headbutt misses Natasha.
Natasha is moderately wounded.
Natasha closely misses you. Natasha completely misses you.
You barely miss Natasha. You headbutt Natasha.
Natasha is heavily wounded.
Natasha claws you but does no damage.
You slash Natasha!
Natasha is almost dead.
Natasha claws you!
You closely miss Natasha.
Natasha is almost dead.
Natasha stares at you and mumbles some strange words.
The magic dart hits you!
You barely miss Natasha.
Natasha is almost dead.
Natasha claws you.
* * * LOW HITPOINT WARNING * * *
Natasha stares at you and mumbles some strange words.
The magic dart hits you!
You die...
Natasha curls up and begins to purr.

##.......##
#.........###
+.........'.
#.........#
#.......#
#.....# #.h.#
#@# #.#
#.####### ###
#.#.#....#
....###..##.####
#.# ##........
##.###..##.####
#.#.#.# # #.##.#


You could see Natasha.

Vanquished Creatures
  Natasha (D:2)
  3 ball pythons
  A bat (D:1)
  A giant cockroach (D:1)
  3 goblins
  2 hobgoblins
  A kobold (D:2)
  2 quokkas
  A frilled lizard (D:1)
  A rat (D:1)
16 creatures vanquished.

Notes
Turn   | Place    | Note
-------+----------+-------------------------------------------
     0 | D:1      | Peloso the Minotaur Fighter began the quest for the Orb.
     0 | D:1      | Reached XP level 1. HP: 19/19 MP: 0/0
   266 | D:1      | Reached XP level 2. HP: 27/27 MP: 1/1
   675 | D:2      | Noticed Natasha
   678 | D:2      | Killed Natasha
   679 | D:2      | Reached XP level 3. HP: 15/33 MP: 2/2
  1015 | D:2      | Noticed Natasha
  1023 | D:2      | Killed from afar by Natasha

Illustrated notes

Levels and vault maps discovered:
D:1:      eino_arrival_cavern_e, layout_loops_cross, solitary_fountain
D:2:      layout_loops_corners, roderic_roman_lattice, uniq_crazy_yiuf_cottage,
          uniq_natasha, uniq_sigmund

Skill      XL: |  1  2 |
---------------+-------+-----
Armour         | 4 |  4.3
Fighting       | 4 |  4.1
Long Blades    | 3 |  3.0
Shields        | 4 |  4.0

Action                     || total
---------------------------++-------
  Melee: Long sword        ||    33
         Headbutt          ||     4
    Use: Scroll            ||     2
         Potion            ||     1
 Armour: Scale mail        ||    21
  Dodge: Dodged            ||    14
  Block: Buckler           ||     7
